 Dungeon Crawl Stone Soup version 0.27-a0-1242-ge70438ac7b (webtiles) character file.

Game seed: 17731776065801451977

6827 Ethylacetat the Destroyer (level 11, -6/93 HPs)
             Began as a Naga Ice Elementalist on June 9, 2021.
             Was a High Priest of Cheibriados.
             Shot with a bolt by an orc warrior (13 damage)
             ... in a bailey.
             The game lasted 00:52:17 (8654 turns).

Ethylacetat the Destroyer (Naga Ice Elementalist)   Turns: 8654, Time: 00:52:18

Health: -6/93      AC:  5    Str: 21    XL:     11   Next: 5%
Magic:  1/22       EV: 10    Int: 30    God:    Cheibriados [*****.]
Gold:   504        SH:  0    Dex: 23    Spells: 9/25 levels left

rFire    + . .     SeeInvis +   s - +5 spear (distort)
rCold    + . .     Faith    .   (no shield)
rNeg     . . .     Spirit   .   p - +0 robe {rC+ rF+}
rPois    +         Reflect  .   (no helmet)
rElec    .         Harm     .   (no cloak)
rCorr    +         Rampage  .   i - +0 pair of gloves
Will     +....                  (no barding)
Stlth    +++.......             n - amulet of regeneration
HPRegen  1.25/turn              a - ring of resist corrosion
MPRegen  0.18/turn              (no ring)

@: very slightly contaminated, very slow
A: AC +3, large, see invisible, deformed body, poison resistance, slowness 2,
spit poison 1, naga tail 1
a: Spit Poison, Renounce Religion, Bend Time, Temporal Distortion, Slouch, Step
From Time


You were in a bailey.
You worshipped Cheibriados.
Cheibriados was extremely pleased with you.
You visited 2 branches of the dungeon, and saw 10 of its levels.
You also visited: Bailey.

You collected 504 gold pieces.

Inventory:

Hand Weapons
 b - a +4 rapier of draining
 s - a +5 spear of distortion (weapon)
Missiles
 l - 2 throwing nets
 t - 2 curare-tipped darts
Armour
 i - a +0 pair of gloves (worn)
 p - a +0 robe of resistance (worn)
 q - a +2 leather armour of fire resistance
 C - +0 steam dragon scales
Magical Staves
 k - a staff of cold
Jewellery
 a - a ring of resist corrosion (left hand)
 n - an amulet of regeneration (around neck)
 F - a +4 ring of evasion
Wands
 o - a wand of flame (25)
Scrolls
 d - a scroll of summoning {unknown}
 e - 3 scrolls of noise
 g - 11 scrolls of identify
 u - 4 scrolls of teleportation
 v - 2 scrolls of fear
 y - a scroll of amnesia {unknown}
 D - a scroll of blinking {unknown}
Potions
 c - 4 potions of magic {unknown}
 f - 3 potions of resistance {unknown}
 h - 4 potions of curing
 j - a potion of flight {unknown}
 m - a potion of mutation {unknown}
 r - a potion of lignification {unknown}
 w - 2 potions of might {unknown}
 z - 2 potions of heal wounds {unknown}
 A - a potion of degeneration {unknown}
 B - a potion of haste {unknown}
 E - a potion of ambrosia {unknown}
 G - a potion of brilliance {unknown}
 H - a potion of attraction {unknown}


   Skills:
 + Level 4.4 Fighting
 + Level 5.1 Polearms
 - Level 1.5 Dodging
 - Level 3.0 Stealth
 + Level 7.7 Spellcasting
 + Level 9.2 Conjurations
 + Level 9.1 Ice Magic
 * Level 3.0 Invocations


You had 9 spell levels left.
You knew the following spells:

 Your Spells              Type           Power      Damage    Failure   Level
a - Freeze                Ice            100%       1d11      1%          1
b - Frozen Ramparts       Ice            100%       1d12      1%          3
c - Ozocubu's Armour      Ice            60%        N/A       1%          3
d - Hailstorm             Conj/Ice       61%        3d13      1%          4
e - Fireball              Conj/Fire      19%        3d9       19%         5

Your spell library contained the following spells:

 Spells                   Type           Power      Damage    Failure   Level
 Foxfire                  Conj/Fire      100%       2x1d9     1%          1
 Magic Dart               Conj           100%       1d8       1%          1
 Ensorcelled Hibernation  Hex/Ice        78%        N/A       1%          2
 Searing Ray              Conj           100%       3d7       1%          2
 Conjure Flame            Conj/Fire      39%        6-21      1%          3
 Dazzling Flash           Conj/Hex       78%        N/A       1%          3
 Stone Arrow              Conj/Erth      78%        3d11      1%          3
 Animate Skeleton         Necr           22%        N/A       4%          1
 Corona                   Hex            12%        N/A       4%          1
 Pain                     Necr           44%        1d6       4%          1
 Sandblast                Erth           22%        2d7       4%          1
 Passwall                 Tmut/Erth      9%         N/A       7%          2
 Slow                     Hex            11%        N/A       7%          2
 Fulminant Prism          Conj/Hex       19%        3d11      7%          4
 Iskenderun's Mystic Bla  Conj/Tloc      39%        2d9       7%          4
 Sticky Flame             Conj/Fire      39%        2d6       7%          4
 Confusing Touch          Hex            11%        N/A       13%         3
 Inner Flame              Hex/Fire       11%        N/A       13%         3
 Portal Projectile        Hex/Tloc       22%        N/A       13%         3
 Tukima's Dance           Hex            11%        N/A       13%         3
 Vampiric Draining        Necr           5%         2d6       13%         3
 Metabolic Englaciation   Hex/Ice        19%        N/A       19%         5
 Animate Dead             Necr           5%         N/A       41%         4
 Cause Fear               Hex            5%         N/A       41%         4
 Leda's Liquefaction      Hex/Erth       5%         N/A       41%         4
 Petrify                  Tmut/Erth      11%        N/A       41%         4
 Agony                    Necr           11%        N/A       77%         5
 Lee's Rapid Deconstruct  Erth           5%         3d7*      77%         5


Dungeon Overview and Level Annotations

Branches:
Dungeon (9/15)             Temple (1/1) D:4            Lair (0/6) D:8
 Bailey (1/1)
    Orc: D:9-12

Altars:
Ashenzari
Cheibriados
Dithmenos
Elyvilon
Fedhas
Gozag
Hepliaklqana
Kikubaaqudgha
Makhleb
Nemelex Xobeh
Okawaru
Qazlal
Ru
Sif Muna
Trog
Uskayaw
Vehumet
Wu Jian
Xom
Yredelemnul
Zin


Innate Abilities, Weirdness & Mutations

Your serpentine skin is tough. (AC +3)
You have supernaturally acute eyesight. (SInv)
Armour fits poorly on your strangely shaped body.
Your system is resistant to poisons. (rPois)
You cover ground very slowly.
You can spit poison.
You have a snake-like lower body.


Message History

Press: ? - help, Shift-Dir - straight line, f - orc warrior
Aim: an orc warrior, wielding a +0 arbalest, wearing a +0 scale mail and quivering bolts (almost dead)
The splash of poison hits the orc warrior!
The orc warrior is poisoned.
You kill the orc warrior!
Cheibriados appreciates the change of pace.
The orc warrior shoots a bolt.
The bolt hits you.
Your Invocations skill increases to level 3!
Your icy armour will break if you move.
Continue? [Y]es or [N]o only, please.
Your icy armour will break if you move.
Continue?
Okay, then.
Unknown command.
Reach: s) +5 spear (distort)
Press: ? - help, Dir - move target, f - orc
Aim: an orc, wielding a +0 trident and wearing a +0 chain mail (about 22% to evade your +5 spear of distortion)
You reach to attack!
You hit the orc but do no damage.
The orc warrior shoots a bolt.
The bolt hits you. The orc hits you but does no damage.
Reach: s) +5 spear (distort)
Press: ? - help, Dir - move target, f/p - orc
Aim: an orc, wielding a +0 trident and wearing a +0 chain mail (about 22% to evade your +5 spear of distortion)
You reach to attack!
You hit the orc.
Space warps horribly around the orc!!
You kill the orc!
Cheibriados appreciates the change of pace.
The orc warrior shoots a bolt.
The bolt barely misses you.
Your icy armour will break if you move.
Continue? [Y]es or [N]o only, please.
Your icy armour will break if you move.
Continue?
Your icy armour cracks and falls away as you move.
An orc comes into view. It is wielding a +0 arbalest.
You have got your breath back.
The orc warrior shoots a bolt.
The bolt hits you!!
The orc warrior shoots a bolt.
The bolt hits you!
The orc moves out of view.
The orc warrior shoots a bolt.
The bolt hits you!
* * * LOW HITPOINT WARNING * * *
The orc warrior shoots a bolt.
The bolt hits you!
* * * LOW HITPOINT WARNING * * *
The orc warrior shoots a bolt.
The bolt hits you!
You die...

.. ....... ..
......... ≈≈
≈........ .. #.
≈≈.......
..≈##o##≈.......
...≈..^..≈.......
....≈##.∩#≈.......
.....≈≈#.#@≈....#
.......≈≈≈≈≈.....#
#.................#
#..............)..#
#.............##..#
#.............# .##
#.............# '
#.............# #
#.............#


You could see an orc warrior.

Vanquished Creatures
  Pikel (D:7)
  Joseph (D:7)
  Maggie (D:7)
  A troll (D:9)
  Grinder (D:3)
  Sigmund (D:2)
  Eustachio (D:4)
  A wyvern (D:8)
  4 steam dragons
  3 orc warriors
  An ice beast (D:6)
  A necrophage (D:4)
  The ghost of Delamore the Skirmisher, an amateur FoFi of Gozag (D:3)
  An ogre (D:5)
  6 centaurs
  2 lemures (D:7)
  3 kobold brigands
  2 scorpions
  A gnoll sergeant (D:5)
  A wyvern skeleton (D:6)
  A water moccasin skeleton (D:3)
  25 wights
  3 killer bees (D:9)
  A howler monkey (D:9)
  3 centaur zombies
  A hound (D:5)
  3 bullfrog skeletons
  3 orc priests
  A gnoll shaman (D:5)
  Natasha (thrice) (D:2)
  Terence (D:2)
  4 orc wizards
  A killer bee zombie (D:7)
  A hound skeleton (D:4)
  A howler monkey zombie (D:8)
  9 gnolls (D:5)
  9 adders
  A shadow imp (D:7)
  A white imp (D:7)
  4 ufetubi
  An adder skeleton (D:4)
  2 worms
  3 dart slugs
  29 orcs
  11 ball pythons
  6 endoplasms
  A giant cockroach (D:2)
  12 goblins
  5 hobgoblins
  8 jackals
  4 quokkas
  5 bats
  5 frilled lizards
  34 kobolds
  4 rats
240 creatures vanquished.

Vanquished Creatures (others)
  2 plants (D:4)
2 creatures vanquished.

Grand Total: 242 creatures vanquished

Notes
Turn   | Place    | Note
-------+----------+-------------------------------------------
     0 | D:1      | Ethylacetat the Naga Ice Elementalist began the quest for
                  | the Orb.
     0 | D:1      | Reached XP level 1. HP: 15/15 MP: 3/3
   498 | D:1      | Reached XP level 2. HP: 7/22 MP: 1/5
   784 | D:1      | Found a faded altar of an unknown god.
  1185 | D:1      | Reached XP level 3. HP: 28/28 MP: 6/6
  1189 | D:1      | Learned a level 3 spell: Frozen Ramparts
  1193 | D:1      | Learned a level 3 spell: Ozocubu's Armour
  1829 | D:2      | Noticed Sigmund
  1840 | D:2      | Killed Sigmund
  1841 | D:2      | Reached skill level 5 in Ice Magic
  1841 | D:2      | Reached XP level 4. HP: 11/36 MP: 2/10
  1841 | D:2      | Reached XP level 5. HP: 12/42 MP: 2/11
  2086 | D:2      | Noticed Natasha
  2092 | D:2      | Killed Natasha
  2093 | D:2      | Reached XP level 6. HP: 44/49 MP: 9/12
  2305 | D:2      | Noticed Terence
  2309 | D:2      | Killed Terence
  2564 | D:2      | Noticed Natasha
  2570 | D:2      | Killed Natasha
  2647 | D:2      | Noticed Natasha
  2653 | D:2      | Killed Natasha
  2811 | D:3      | Learned a level 4 spell: Hailstorm
  2883 | D:3      | Found a bloodstained altar of Trog.
  2992 | D:3      | Found a runed translucent door.
  2992 | D:3      | Noticed Delamore's ghost (amateur FoFi)
  3005 | D:3      | Killed Delamore's ghost
  3006 | D:3      | Reached skill level 1 in Conjurations
  3006 | D:3      | Reached XP level 7. HP: 42/55 MP: 8/14
  3571 | D:4      | Noticed Grinder
  3597 | D:4      | Paralysed by Grinder for 4 turns
  3626 | D:3      | Paralysed by Grinder for 3 turns
  3634 | D:3      | Paralysed by Grinder for 6 turns
  3641 | D:3      | Killed Grinder
  3642 | D:3      | Reached skill level 5 in Spellcasting
  3723 | D:4      | Reached XP level 8. HP: 61/62 MP: 13/16
  3752 | D:4      | Found a staircase to the Ecumenical Temple.
  3761 | Temple   | Entered the Ecumenical Temple
  3825 | Temple   | Became a worshipper of Cheibriados the Contemplative
  3908 | D:4      | Found a blossoming altar of Fedhas.
  4137 | D:4      | Noticed Eustachio
  4180 | D:4      | Killed Eustachio
  4281 | D:4      | Found a stormy altar of Qazlal.
  4443 | D:5      | Entered Level 5 of the Dungeon
  4528 | D:5      | Reached * piety under Cheibriados
  4530 | D:5      | Reached skill level 5 in Conjurations
  4678 | D:5      | Found a glowing silver altar of Zin.
  4699 | D:5      | Reached ** piety under Cheibriados
  4720 | D:5      | Found a hazy altar of Hepliaklqana.
  4759 | D:5      | Found a white marble altar of Elyvilon.
  5019 | D:5      | Reached skill level 1 in Polearms
  5025 | D:5      | Reached XP level 9. HP: 68/68 MP: 12/18
  5571 | D:6      | Found a sacrificial altar of Ru.
  5619 | D:6      | Reached skill level 1 in Fighting
  5778 | D:6      | Found a hide-covered altar of Uskayaw.
  5784 | D:6      | Identified the +5 war axe of Terra Cotta {drain, Dex+2}
  6430 | D:7      | Noticed Maggie
  6438 | D:7      | Killed Maggie
  6659 | D:7      | Noticed Pikel
  6664 | D:7      | Noticed Joseph
  6667 | D:7      | Killed Pikel
  6668 | D:7      | Reached XP level 10. HP: 70/81 MP: 17/20
  6682 | D:7      | Killed Joseph
  6797 | D:7      | You fall into a shaft and drop 1 floor!
  6800 | D:8      | Reached *** piety under Cheibriados
  6887 | D:8      | Found a burning altar of Makhleb.
  7161 | D:7      | Found a large runed translucent door.
  7161 | D:7      | Found a large runed translucent door.
  7492 | D:7      | Found a radiant altar of Vehumet.
  7774 | D:7      | Found a broken altar of Ashenzari.
  7777 | D:7      | Found an ornate altar of the Wu Jian Council.
  7994 | D:8      | Reached **** piety under Cheibriados
  8189 | D:8      | Found a staircase to the Lair.
  8272 | D:8      | Reached skill level 1 in Invocations
  8427 | D:9      | Reached skill level 5 in Polearms
  8427 | D:9      | Reached XP level 11. HP: 92/92 MP: 18/22
  8456 | D:9      | Reached ***** piety under Cheibriados
  8479 | D:9      | Found a flagged portal.
  8488 | Bailey   | Entered a bailey
  8508 | Bailey   | Learned a level 5 spell: Fireball
  8654 | Bailey   | Shot with a bolt by an orc warrior

Illustrated notes

Levels and vault maps discovered:
D:1:      dpeg_arrival_simpleton_c, layout_basic,
          hellmonk_ecumenical_altar_lost_god, minmay_cut_off
D:2:      minmay_alternating_diamond, layout_basic, minmay_divided_ellipse,
          uniq_terence, uniq_sigmund, uniq_natasha
D:3:      layout_loops_cross, old_standard_altar, gammafunk_ghost_grave,
          minmay_misc_feat_four_crosses
D:4:      layout_cave_pools, kennysheep_mini, lemuel_doored_altar,
          minmay_temple_entry_overgrown, uniq_grinder, uniq_eustachio
D:5:      layout_loops_cross, amcnicky_altar_gilded, elyvilon_altar_4,
          nzn_hepliaklqana_mist_gate, chequers_serial_rivers_large_b,
          amcnicky_mini_rare_corridor_liquid, guppyfry_early_orc_mine
D:6:      layout_basic, nicolae_ru_awakened_eye, eat_drink_and_be_merry_uskayaw,
          serial_curves, eino_curves_01, eino_curves_03
D:7:      layout_loops_ring, jmf_multi_god_temple2, general_overflow_altar,
          uniq_maggie, uniq_joseph, uniq_pikel
D:8:      layout_basic, lemuel_crystal_altar, lair_entry_dummy,
          solitary_fountain, kennysheep_generic_room_8
D:9:      layout_big_octagon, tso_metal_star, enter_bailey_4,
          hangedman_decor_lopped
Temple:   compressed_dpeg_triangle_lava_temple
Bailey:   bailey_polearm_2, bailey

Skill      XL: |  1  2  3  4  5  6  7  8  9 10 11 |
---------------+----------------------------------+-----
Spellcasting   | 4 5 6 7 |  7.7
Ice Magic      | 5 6 7 8 9 |  9.1
Conjurations   | 1 3 6 8 9 |  9.2
Polearms       | 1 3 5 |  5.1
Fighting       | 2 4 |  4.4
Invocations    | 2 3 |  3.0
Dodging        | |  1.5
Stealth        | |  3.0

Action                   |  1- 3 |  4- 6 |  7- 9 | 10-12 || total
-------------------------+-------+-------+-------+-------++-------
Melee: Dagger            |    21 |    21 |    82 |       ||   124
       Staff             |       |     6 |       |       ||     6
       Spear             |       |       |   111 |   142 ||   253
       Rapier            |       |       |    14 |       ||    14
 Cast: Freeze            |    19 |     8 |     9 |     7 ||    43
       Frozen Ramparts   |     4 |    12 |    27 |    17 ||    60
       Ozocubu's Armour  |       |     2 |    15 |    14 ||    31
       Fireball          |       |       |       |     6 ||     6
 Abil: Spit Poison       |    26 |    24 |    53 |    12 ||   115
  Use: Scroll            |       |       |       |     4 ||     4
 Stab: Sleeping          |       |       |     4 |       ||     4
Armor: Robe              |     9 |    12 |    55 |    45 ||   121
Dodge: Dodged            |    26 |    11 |    88 |    81 ||   206

Table legend: (Time is in decaauts)
 A = Elapsed time spent in this place.
 B = Non-inter-level travel time spent in this place.
 C = Inter-level travel time spent in this place.
 D = Time resting spent in this place.
 E = Time spent auto-exploring this place.
 F = Levels seen in this place.
 G = Mean time per level.
                   A        B        C        D        E       F      G
               +--------+--------+--------+--------+--------+-----+--------+
         Total |  13064 |  12754 |    310 |    468 |  10252 |  11 | 1187.6 |
       Dungeon |  12738 |  12444 |    294 |    381 |  10176 |   9 | 1415.3 |
        Temple |    107 |     91 |     16 |      0 |     75 |   1 |  107.0 |
        Bailey |    218 |    218 |      0 |     87 |      0 |   1 |  218.0 |
               +--------+--------+--------+--------+--------+-----+--------+

Top non-repeatable levels by time:
     D:7: 2185 daAuts
     D:1: 1954 daAuts
     D:6: 1862 daAuts
     D:5: 1784 daAuts
     D:2: 1365 daAuts
     D:8: 1312 daAuts
     D:4: 1069 daAuts
     D:3: 1037 daAuts
  Bailey: 218 daAuts
     D:9: 167 daAuts
  Temple: 107 daAuts
